 Dungeon Crawl Stone Soup version 0.19-a0-1091-g463c9de (webtiles) character file.

71 Leszczynek the Cudgeler (level 4, -3/44 HPs)
             Began as an Ogre Conjurer on Aug 7, 2016.
             Slain by a gnoll
             ... wielding a +0 spear
              (9 damage)
             ... on level 3 of the Dungeon.
             The game lasted 00:07:18 (1388 turns).

Leszczynek the Cudgeler (Ogre Conjurer)             Turns: 1388, Time: 00:07:18

Health: -3/44      AC:  1    Str: 14    XL:     4   Next: 24%
Magic:  7/7        EV: 10    Int: 14    God:
Gold:   21         SH:  0    Dex: 10    Spells: 2 memorised, 4 levels left

rFire  + . .     SeeInvis .     l - +0 mace
rCold  . . .     Gourm    .     t - -2 robe (curse)
rNeg   . . .     Faith    .     (no shield)
rPois  .         Spirit   .     (helmet restricted)
rElec  .         Dismiss  .     (no cloak)
rCorr  .         Reflect  .     (gloves unavailable)
SustAt .         Harm     .     (boots unavailable)
MR     .....                    (no amulet)
Stlth  +.........               (no ring)
                                s - ring of protection from fire

@:
A: unfitting armour, tough skin 1
a: no special abilities


You were on level 3 of the Dungeon.
You were not hungry.

You visited 1 branch of the dungeon, and saw 3 of its levels.

You collected 21 gold pieces.

Inventory:

Hand Weapons
 a - a +0 flail
 l - a +0 mace (weapon)
Missiles
 n - 2 javelins (quivered)
Armour
 i - a +0 robe
 t - a cursed -2 robe (worn)
Jewellery
 s - a ring of protection from fire (left hand)
Scrolls
 d - a scroll of enchant weapon {unknown}
 e - 2 scrolls of teleportation
 h - a scroll of amnesia
 r - a scroll of recharging {unknown}
Potions
 f - a potion of resistance {unknown}
 g - 2 potions of heal wounds {unknown}
 j - a potion of degeneration {unknown}
 k - a potion of curing {unknown}
 m - a potion of might {unknown}
 p - 2 potions of magic {unknown}
 q - 3 potions of berserk rage {unknown}
Books
 b - a book of Conjurations

   Spells                             Type                      Level
   a - Magic Dart                     Conjuration                  1
   b - Searing Ray                    Conjuration                  2
   c - Dazzling Spray                 Conjuration/Hexes            3
   d - Fulminant Prism                Conjuration/Hexes            4
   e - Iskenderun's Mystic Blast      Conjuration                  4
   f - Iskenderun's Battlesphere      Conjuration/Charms           5
Comestibles
 c - 2 bread rations


   Skills:
 + Level 2.9 Fighting
 * Level 3.7 Maces & Flails
 - Level 1.7 Dodging
 - Level 1.5 Stealth
 - Level 2.4 Spellcasting
 - Level 2.9 Conjurations


You had 4 spell levels left.
You knew the following spells:

 Your Spells              Type           Power        Failure   Level  Hunger
a - Magic Dart            Conj           ##..         10%         1    #......
b - Searing Ray           Conj           ##....       12%         2    ###....


Dungeon Overview and Level Annotations

Branches:
Dungeon (3/15)

Altars:


Innate Abilities, Weirdness & Mutations

You are too large for most types of armour.
You have tough skin. (AC +1)


Message History

The gnoll barely misses you. The gnoll hits you with a spear.
You hit the gnoll.
The gnoll is lightly wounded.
The gnoll hits you with a spear.
You barely miss the gnoll.
The gnoll is lightly wounded.
The gnoll hits you with a spear!
You are too injured to fight recklessly!
You are too injured to fight recklessly!
You hit the gnoll.
The gnoll is heavily wounded.
The gnoll completely misses you.
You barely miss the gnoll.
The gnoll is heavily wounded.
The gnoll hits you with a spear!
* * * LOW HITPOINT WARNING * * *
You hit the gnoll.
The gnoll is heavily wounded.
The gnoll hits you with a spear!
You die...

#.# ........ #.#
####..#. ######.#
##.#. #.....g### ..
# #.
#....$...###.... .
#...#
#.[....$..........
#.#.#
#...####.####..# #
#.#
###...<#.......#
#.#
........@g.##......
#.# #######.....#
.#### #.. +.....#
.. .. #.....# ## #.
#.....# #. #.....#
#.....# #.....#
#.....#


You could see a gnoll.

Vanquished Creatures
  3 gnolls
  An adder (D:2)
  A worm (D:2)
  2 giant geckos (D:2)
  An orc (D:3)
  A hobgoblin (D:1)
  2 jackals (D:1)
  7 kobolds
  A quokka (D:3)
  3 bats (D:1)
  3 giant newts
  3 goblins
  4 rats
32 creatures vanquished.

Notes
Turn   | Place    | Note
-------+----------+-------------------------------------------
     0 | D:1      | Leszczynek the Ogre Conjurer began the quest for the Orb.
     0 | D:1      | Reached XP level 1. HP: 16/16 MP: 3/3
   137 | D:1      | Reached skill level 1 in Fighting
   199 | D:1      | Reached skill level 1 in Maces & Flails
   259 | D:1      | Reached XP level 2. HP: 27/27 MP: 3/5
   278 | D:1      | Learned a level 2 spell: Searing Ray
   323 | D:1      | Reached skill level 2 in Fighting
   323 | D:1      | Reached skill level 2 in Maces & Flails
   515 | D:1      | Reached XP level 3. HP: 35/35 MP: 1/6
   779 | D:2      | Reached skill level 3 in Maces & Flails
  1196 | D:3      | Reached XP level 4. HP: 35/44 MP: 2/7
  1388 | D:3      | Slain by a gnoll

Vault maps used:
D:1:      roderic_crossed_star

Skill      XL: |  1  2  3 |
---------------+----------+-----
Fighting       | 1 2 |  2.9
Maces & Flails | 1 2 3 |  3.7
Dodging        | |  1.7
Stealth        | |  1.5
Spellcasting   | |  2.4
Conjurations   | |  2.9

Action                   |  1- 3 |  4- 6 || total
-------------------------+-------+-------++-------
Melee: Whip              |    11 |       ||    11
       Mace              |    48 |    11 ||    59
 Cast: Magic Dart        |    47 |     3 ||    50
       Searing Ray       |     3 |       ||     3
  Use: Scroll            |     3 |       ||     3
  Eat: Chunk             |     2 |     1 ||     3
Armor: Robe              |    13 |     1 ||    14
Dodge: Dodged            |    36 |     5 ||    41
